 Dungeon Crawl Stone Soup version 0.29.1-15-g9cfb28693d (webtiles) character file.

Game seed: 8260314072780156043

79 Peloso the Covered (level 4, -3/41 HPs)
             Began as a Minotaur Fighter on Apr 6, 2023.
             Slain by a gnoll
             ... wielding a +0 club
              (5 damage)
             ... on level 2 of the Dungeon.
             The game lasted 00:02:34 (1785 turns).

Peloso the Covered (Minotaur Fighter)               Turns: 1785, Time: 00:02:34

Health: -3/41      AC:  9    Str: 20 (21) XL:     4   Next: 16%
Magic:  3/3        EV:  7    Int:  3 (5)  God:
Gold:   100        SH:  6    Dex:  9 (11) Spells: 3/3 levels left

rFire   . . .      SeeInvis .   a - +0 long sword
rCold   . . .      Faith    .   d - +2 buckler
rNeg    . . .      Spirit   .   e - +0 chain mail
rPois   .          Reflect  .   (helmet restricted)
rElec   .          Harm     .   (no cloak)
rCorr   .          Rampage  .   (no gloves)
Will    .....                   (no boots)
Stlth   ..........              (no amulet)
HPRegen 0.13/turn               (no ring)
MPRegen 0.08/turn               (no ring)

@: no status effects
A: horns 2, retaliatory headbutt
a: no special abilities


You were on level 2 of the Dungeon.
You visited 1 branch of the dungeon, and saw 2 of its levels.

You collected 100 gold pieces.

Inventory:

Hand Weapons
 a - a +0 long sword (weapon)
Armour
 b - a +0 scale mail
 c - a +0 buckler
 d - a +2 buckler (worn)
 e - a +0 chain mail (worn)
Jewellery
 i - a ring of ice
Potions
 h - a potion of might


   Skills:
 + Level 4.4 Fighting
 + Level 3.2 Long Blades
 + Level 4.5 Armour
 + Level 0.3 Dodging
 + Level 4.1 Shields


You had 3 spell levels left.
You didn't know any spells.
Your spell library contained the following spells:

 Spells                   Type           Power      Damage    Failure   Level
 Call Canine Familiar     Summ           0%         N/A       100%        3
 Portal Projectile        Hex/Tloc       0%         N/A       100%        3
 Leda's Liquefaction      Hex/Erth       0%         N/A       100%        4


Dungeon Overview and Level Annotations

Branches:
Dungeon (2/15)

Altars:


Innate Abilities, Weirdness & Mutations

You have a pair of horns on your head.
You reflexively headbutt those who attack you in melee.


Message History

The gnoll is almost dead.
The gnoll hits you with a +0 halberd.
You hit the gnoll. Your headbutt misses the gnoll.
The gnoll is moderately wounded.
The gnoll hits you from afar with a +0 halberd.
You barely miss the gnoll.
The gnoll is moderately wounded.
The gnoll hits you from afar with a +0 halberd.
The gnoll barely misses you.
You hit the gnoll.
The gnoll is heavily wounded.
The gnoll barely misses you. The gnoll hits you with a +0 whip.
The gnoll barely misses you. The gnoll closely misses you.
You hit the gnoll.
The gnoll is heavily wounded.
You block the gnoll's attack. The gnoll closely misses you.
You hit the gnoll.
The gnoll is almost dead.
You block the gnoll's attack. The gnoll closely misses you.
You closely miss the gnoll.
The gnoll is almost dead.
The gnoll hits you from afar with a +0 halberd!
You block the gnoll's attack.
You hit the gnoll.
You kill the gnoll!
The gnoll hits you from afar with a +0 halberd!
* * * LOW HITPOINT WARNING * * *
The frilled lizard barely misses you. You furiously retaliate!
You headbutt the frilled lizard.
You kill the frilled lizard!
You block the gnoll's attack.
You feel your dexterity returning. The gnoll attacks as you move away!
The gnoll barely misses you. The gnoll attacks as you move away!
The gnoll hits you with a +0 club.
* * * LOW HITPOINT WARNING * * *
The gnoll attacks as you move away! The gnoll hits you with a +0 club.
* * * LOW HITPOINT WARNING * * *
Okay, then.
The gnoll attacks as you move away! The gnoll hits you with a +0 club.
You die...

.........###.........#
...................###
..........############
###+#####.#...g)......
#.#g####..##..
#######.#....# .##
.............# ..#
#######.#######..#
#....g.g@..#
#########.## .# .# ##


You could see 2 gnolls.

Vanquished Creatures
  A gnoll (D:2)
  2 adders (D:2)
  2 worms (D:2)
  2 dart slugs
  2 ball pythons (D:1)
  4 bats
  4 endoplasms (D:1)
  2 giant cockroaches (D:1)
  A goblin (D:2)
  4 hobgoblins (D:1)
  3 jackals (D:1)
  A quokka (D:2)
  3 frilled lizards
  3 kobolds (D:1)
  5 rats
39 creatures vanquished.

Vanquished Creatures (others)
  4 plants (D:1)
4 creatures vanquished.

Grand Total: 43 creatures vanquished

Notes
Turn   | Place    | Note
-------+----------+-------------------------------------------
     0 | D:1      | Peloso the Minotaur Fighter began the quest for the Orb.
     0 | D:1      | Reached XP level 1. HP: 19/19 MP: 0/0
   191 | D:1      | Reached XP level 2. HP: 20/27 MP: 1/1
   435 | D:1      | Found a faded altar of an unknown god.
   719 | D:1      | Reached XP level 3. HP: 33/33 MP: 2/2
  1673 | D:2      | Reached XP level 4. HP: 39/41 MP: 3/3
  1780 | D:2      | HP: 1/41 [gnoll/+0 club (2)]
  1785 | D:2      | Slain by a gnoll

Illustrated notes

Levels and vault maps discovered:
D:1:      enne_arrival_octagon_isle, layout_rooms, serial_forest,
          infiniplex_forest_lined_3_way, infiniplex_forest_straight_3,
          infiniplex_forest_straight_2, infiniplex_forest_clump_cross,
          infiniplex_forest_straight_4, infiniplex_forest_corner_1,
          infiniplex_forest_clump_long, ebering_ecumenical_altar_box
D:2:      layout_basic

Skill      XL: |  1  2  3 |
---------------+----------+-----
Fighting       | 4 |  4.4
Armour         | 4 |  4.5
Shields        | 4 |  4.1
Long Blades    | 3 |  3.2
Dodging        | |  0.3

Action                   |  1- 3 |  4- 6 || total
-------------------------+-------+-------++-------
Melee: Long sword        |    95 |    11 ||   106
       Headbutt          |    14 |       ||    14
  Use: Potion            |     2 |       ||     2
       Scroll            |     1 |       ||     1
Armor: Scale mail        |    50 |       ||    50
       Chain mail        |     8 |       ||     8
Dodge: Dodged            |    42 |     9 ||    51
Block: Buckler           |    46 |     5 ||    51
